 Dungeon Crawl Stone Soup version 0.30.1-11-g7821555f0a (webtiles) character file.

Game seed: 10681677343347550676

344 porpoise the Shooter (level 6, 0/53 HPs)
             Began as a Minotaur Hunter on Jan 15, 2024.
             Slain by Pikel
             ... wielding a +1 whip of flaming
              (2 damage)
             ... on level 4 of the Dungeon.
             The game lasted 00:07:37 (2872 turns).

porpoise the Shooter (Minotaur Hunter)              Turns: 2872, Time: 00:07:38

Health: 0/53       AC:  6    Str: 15    XL:     6   Next: 31%
Magic:  5/5        EV: 11    Int:  6    God:
Gold:   162        SH:  0    Dex: 16    Spells: 5/5 levels left

rFire   . . .        a - +0 shortbow
rCold   . . .        (shield currently unavailable)
rNeg    . . .        o - +0 ring mail
rPois   .            (helmet restricted)
rElec   .            (no cloak)
rCorr   .            (no gloves)
SInv    .            k - +0 pair of boots
Will    +....        (no amulet)
Stlth   +            p - ring of willpower
HPRegen 0.28/turn    (no ring)
MPRegen 0.09/turn

%: no passive effects
@: invisible
A: horns 2, retaliatory headbutt
a: no special abilities


You were on level 4 of the Dungeon.
You visited 1 branch of the dungeon, and saw 4 of its levels.

You collected 162 gold pieces.

Inventory:

Hand Weapons
 a - a +0 shortbow (weapon)
 b - a +1 dagger of draining
 s - a +0 hand axe
Missiles
 h - 6 javelins
Armour
 j - the +1 leather armour of Levity {-Cast Harm rElec rC+++}
   (You found it on level 2 of the Dungeon)

   rC:        It renders you almost immune to cold.
   rElec:     It insulates you from electricity.
   -Cast:     It prevents spellcasting.
   Harm:      It increases damage dealt and taken.
 k - a +0 pair of boots (worn)
 o - a +0 ring mail (worn)
Jewellery
 p - a ring of willpower (left hand)
Wands
 u - a wand of polymorph (7)
Scrolls
 c - a scroll of enchant weapon {unknown}
 d - a scroll of vulnerability
 i - 2 scrolls of immolation
 m - a scroll of fog {unknown}
 n - a scroll of teleportation
 t - a scroll of noise {unknown}
Potions
 e - a potion of mutation
 f - a potion of lignification {unknown}
 g - a potion of curing
 q - a potion of brilliance {unknown}
 r - 2 potions of degeneration {unknown}


   Skills:
 + Level 4.7 Fighting
 * Level 7.2 Ranged Weapons
 + Level 2.0 Armour
 - Level 2.1 Dodging
 - Level 0.7 Stealth


You had 5 spell levels left.
You didn't know any spells.
Your spell library contained the following spells:

 Spells                   Type           Power      Damage    Failure   Level
 Magic Dart               Conj           0%         1d3       67%         1
 Searing Ray              Conj           0%         2d4       82%         2
 Volatile Blastmotes      Fire/Tloc      0%         2d10      96%         3
 Fulminant Prism          Conj/Hex       0%         3d5       100%        4
 Iskenderun's Mystic Bla  Conj/Tloc      0%         2d3       100%        4
 Lee's Rapid Deconstruct  Erth           0%         3d4*      100%        5


Dungeon Overview and Level Annotations

Branches:
Dungeon (4/15)
 Temple: D:4-7

Altars:

Annotations:
D:4 Grinder, Pikel


Innate Abilities, Weirdness & Mutations

You have a pair of horns on your head.
You reflexively headbutt those who attack you in melee.


Message History

Pikel hits you with a +1 whip of flaming.
* * * LOW HITPOINT WARNING * * *
Pikel burns you.
* * * LOW HITPOINT WARNING * * *
You feel better.
Pikel hits you with a +1 whip of flaming.
Pikel burns you.
You fade into invisibility!
Pikel hits you but does no damage.
You shoot an arrow. The arrow completely misses Pikel.
The lemure shouts!
The arrow hits the lemure.
The lemure is moderately wounded.
Pikel misses you.
You shoot an arrow. The arrow closely misses Pikel.
The arrow hits the lemure!
The lemure is heavily wounded.
Pikel hits you with a +1 whip of flaming.
Pikel burns you.
* * * LOW HITPOINT WARNING * * *
Pikel hits you with a +1 whip of flaming.
* * * LOW HITPOINT WARNING * * *
Pikel burns you.
* * * LOW HITPOINT WARNING * * *
You shoot an arrow. The arrow closely misses Pikel.
The arrow hits the lemure!
The lemure is almost dead.
Pikel closely misses you.
You shoot an arrow. The arrow hits Pikel.
Pikel is moderately wounded.
Pikel cracks his whip.
Pikel hits you with a +1 whip of flaming.
* * * LOW HITPOINT WARNING * * *
Pikel burns you.
* * * LOW HITPOINT WARNING * * *
You shoot an arrow. The arrow barely misses Pikel.
The arrow hits the lemure.
You kill the lemure!
That felt strangely unrewarding.
Pikel hits you with a +1 whip of flaming!
* * * LOW HITPOINT WARNING * * *
Pikel burns you.
You die...

#.#..#
#############....#
#<...............#
#############.#####
#.....# #####># #.#
########.#
#..5.5K@.#
#.######## .># 5#


You could see Pikel (unable to see you) and 2 lemures.

Vanquished Creatures
  Sigmund (D:3)
  A lemure (D:4)
  An orc priest (D:3)
  Jessica (D:3)
  Terence (D:3)
  4 adders
  A worm (D:3)
  3 dart slugs
  6 orcs (D:3)
  3 endoplasms
  A giant cockroach (D:2)
  6 goblins
  6 hobgoblins
  5 kobolds
  4 quokkas
  7 ball pythons
  7 bats
  2 frilled lizards
  6 rats
66 creatures vanquished.

Notes
Turn   | Place    | Note
-------+----------+-------------------------------------------
     0 | D:1      | porpoise the Minotaur Hunter began the quest for the Orb.
     0 | D:1      | Reached XP level 1. HP: 18/18 MP: 0/0
   162 | D:1      | Reached XP level 2. HP: 18/25 MP: 1/1
   468 | D:1      | Reached skill level 5 in Ranged Weapons
   754 | D:2      | Reached XP level 3. HP: 31/31 MP: 2/2
   757 | D:2      | Identified the +1 leather armour of Levity {-Cast Harm
                  | rElec rC+++}
  1607 | D:3      | Reached XP level 4. HP: 15/38 MP: 3/3
  1812 | D:3      | Noticed Jessica
  1815 | D:3      | Killed Jessica
  1816 | D:3      | Reached skill level 6 in Ranged Weapons
  1822 | D:3      | Noticed Sigmund
  1834 | D:3      | Killed Sigmund
  1835 | D:3      | Reached XP level 5. HP: 24/47 MP: 4/4
  1939 | D:3      | Noticed Terence
  1953 | D:3      | Killed Terence
  1954 | D:3      | Reached XP level 6. HP: 32/53 MP: 5/5
  2084 | D:3      | Reached skill level 7 in Ranged Weapons
  2813 | D:4      | Noticed Grinder
  2859 | D:4      | Noticed Pikel
  2872 | D:4      | HP: 2/53 [Pikel/+1 whip of flaming (7)]
  2872 | D:4      | Slain by Pikel

Illustrated notes

Levels and vault maps discovered:
D:1:      scummos_arrival_simple_fountains, layout_loops_ring
D:2:      layout_loops_ring, lightli_corner_chamber
D:3:      layout_loops_cross, uniq_sigmund, uniq_terence, uniq_jessica
D:4:      layout_basic, uniq_pikel, uniq_grinder

Skill      XL: |  1  2  3  4  5  6 |
---------------+-------------------+-----
Ranged Weapons | 5 6 7 |  7.2
Fighting       | 3 4 |  4.7
Armour         | 2 |  2.0
Dodging        | |  2.1
Stealth        | |  0.7

Action                     |  1- 3 |  4- 6 || total
---------------------------+-------+-------++-------
  Melee: Dagger            |     3 |       ||     3
   Fire: Shortbow          |   109 |    92 ||   201
    Use: Scroll            |     3 |     2 ||     5
         Potion            |       |     2 ||     2
 Armour: Leather armour    |    12 |       ||    12
         Ring mail         |       |    10 ||    10
  Dodge: Dodged            |    21 |    23 ||    44
